 Dungeon Crawl Stone Soup version 0.30.0-5-g1a98f26d00 (webtiles) character file.

Game seed: 16882727699359911990

174 firemarshallily the Chopper (level 5, -2/43 HPs)
             Began as a Gnoll Reaver on May 8, 2023.
             Was a Priest of Jiyva.
             Slain by a gnoll
             ... wielding a +0 halberd
             ... led by a gnoll bouda
              (11 damage)
             ... on level 4 of the Dungeon.
             The game lasted 00:08:11 (2236 turns).

firemarshallily the Chopper (Gnoll Reaver)          Turns: 2236, Time: 00:08:12

Health: -2/43      AC:  7    Str: 13    XL:     5   Next: 54%
Magic:  12/12      EV: 13    Int: 13    God:    Jiyva [***...]
Gold:   100        SH:  0    Dex: 10    Spells: 13/14 levels left

rFire   + . .        a - +0 hand axe
rCold   + . .        (no shield)
rNeg    . . .        p - +2 robe {Will+}
rPois   .            f - +2 helmet
rElec   +            l - scarf {rC+ rF+}
rCorr   +            (no gloves)
SInv    .            (no boots)
Will    +....        m - amulet of regeneration
Stlth   ++           (no ring)
HPRegen 2.19/turn    (no ring)
MPRegen 0.48/turn

%: clarity
@: flying
A: fangs 1, strong nose, distributed training, clarity, sense surroundings 1,
electricity resistance, jelly absorbing missiles
a: Renounce Religion, Oozemancy


You were on level 4 of the Dungeon.
You worshipped Jiyva.
Jiyva was most pleased with you.
You visited 1 branch of the dungeon, and saw 4 of its levels.

You collected 100 gold pieces.

Inventory:

Hand Weapons
 a - a +0 hand axe (weapon)
Armour
 f - a +2 helmet (worn)
 l - a scarf of resistance (worn)
 p - a +2 robe of willpower (worn)
Jewellery
 m - an amulet of regeneration (around neck)
Scrolls
 e - 2 scrolls of identify {unknown}
 h - 4 scrolls of fear {unknown}
 i - 2 scrolls of immolation {unknown}
 k - 2 scrolls of noise {unknown}
 n - a scroll of enchant weapon {unknown}
 o - a scroll of magic mapping {unknown}
 q - a scroll of teleportation {unknown}
Potions
 b - a potion of degeneration {unknown}
 d - a potion of magic {unknown}
 g - 2 potions of flight
 j - a potion of curing {unknown}


   Skills:
 + Level 4.8 Fighting
 + Level 1.6 Short Blades
 + Level 1.6 Long Blades
 + Level 6.7 Axes
 + Level 1.6 Maces & Flails
 + Level 1.6 Polearms
 + Level 1.6 Staves
 + Level 1.6 Ranged Weapons
 + Level 1.6 Throwing
 + Level 1.6 Armour
 + Level 4.8 Dodging
 + Level 1.6 Stealth
 + Level 1.6 Shields
 + Level 1.6 Unarmed Combat
 + Level 5.2 Spellcasting
 + Level 5.6 Conjurations
 + Level 1.3 Hexes
 + Level 1.3 Summonings
 + Level 1.3 Necromancy
 + Level 1.3 Translocations
 + Level 1.3 Transmutations
 + Level 1.3 Fire Magic
 + Level 1.3 Ice Magic
 + Level 1.3 Air Magic
 + Level 1.3 Earth Magic
 + Level 1.3 Poison Magic
 + Level 1.8 Invocations
 + Level 1.6 Evocations


You had 13 spell levels left.
You knew the following spells:

 Your Spells              Type           Power      Damage    Failure   Level
a - Kiss of Death         Conj/Necr      48%        2d9       4%          1

Your spell library contained the following spells:

 Spells                   Type           Power      Damage    Failure   Level
 Momentum Strike          Conj/Tloc      24%        3d8       7%          2
 Sandblast                Erth           12%        2d6       11%         1
 Hailstorm                Conj/Ice       12%        3d5       13%         3
 Stone Arrow              Conj/Erth      24%        3d8       13%         3
 Passwall                 Tmut/Erth      5%         N/A       16%         2


Dungeon Overview and Level Annotations

Branches:
Dungeon (4/15)
 Temple: D:4-7

Altars:
Gozag
Ru
Jiyva


Innate Abilities, Weirdness & Mutations

You have very sharp teeth.
Your uncanny sense of smell can sniff out nearby items.
Your experience applies equally to all skills.
You possess an exceptional clarity of mind.
You passively map a small area around you.
You are resistant to electric shocks. (rElec)
You have a small jelly attached to you that may absorb projectiles.


Message History

The goblin shoots a sling bullet.
The sling bullet misses you.
Items here: ))) [ ††.
You closely miss the gnoll. You barely miss the gnoll.
The gnoll barely misses you. x2; The goblin shoots a sling bullet.
The sling bullet hits you but does no damage.
Unknown command.
You barely miss the gnoll. You hit the gnoll. The gnoll barely misses you. x2
You hear a distant slurping noise.
The goblin shoots a sling bullet.
The sling bullet closely misses you.
You hit the gnoll but do no damage. Your bite misses the gnoll.
You hit the gnoll. The gnoll closely misses you.
You hear a distant slurping noise.
The goblin shoots a sling bullet.
The sling bullet barely misses you.
An iguana comes into view.
The gnoll hits you with a +0 halberd.
* * * LOW HITPOINT WARNING * * *
You hit the gnoll. Your bite misses the gnoll.
The gnoll is moderately wounded.
You barely miss the gnoll. The gnoll hits you with a +0 spear.
* * * LOW HITPOINT WARNING * * *
The goblin shoots a sling bullet.
The sling bullet closely misses you. The gnoll closely misses you.
You hit the gnoll but do no damage. You punch the gnoll.
The gnoll is moderately wounded.
You hit the gnoll. The gnoll misses you. The gnoll hits you with a +0 halberd!
* * * LOW HITPOINT WARNING * * *
Unknown command.
You barely miss the gnoll.
The gnoll is moderately wounded.
You closely miss the gnoll. The gnoll completely misses you.
The gnoll closely misses you.
You hear a distant slurping noise.
The goblin shoots a sling bullet.
The sling bullet completely misses you.
Unknown command.
You barely miss the gnoll. You bite the gnoll, but do no damage.
The gnoll is moderately wounded.
You hit the gnoll. The gnoll hits you with a +0 spear.
* * * LOW HITPOINT WARNING * * *
The gnoll hits you with a +0 halberd!
You die...

, ~ , , ,
####+####* ,
#≈≈≈g≈≈≈# * *
,#~≈≈≈≈≈~# > *
#~..~.~.#+ * ,
#.......#
,#....g))#* * * ,
#..l.g@.##+###* ,
* ,
.......)).....##..
,
.#########.......(
, ,
#..#............ ~
~ #..'............
~ ,
#..#............ ~
,#..#........####
, ~, #..#....#####
, ,#.<#....# *


You could see an iguana, 2 gnolls and a goblin.

Vanquished Creatures
  A gnoll bouda (D:4)
  3 adders
  3 gnolls (D:4)
  2 worms (D:2)
  3 endoplasms (D:1)
  3 giant cockroaches
  7 goblins
  9 hobgoblins
  3 jackals (D:2)
  5 kobolds
  2 quokkas
  4 ball pythons
  6 bats
  2 frilled lizards
  5 rats
58 creatures vanquished.

Vanquished Creatures (others)
  A phantom (D:3)
  A jelly (D:3)
  An iguana (D:3)
  An adder (D:3)
  A dart slug (D:3)
  2 endoplasms
  2 bats
  A giant cockroach (D:3)
  2 goblins (D:3)
  A kobold (D:2)
  2 rats (D:3)
15 creatures vanquished.

Grand Total: 73 creatures vanquished

Notes
Turn   | Place    | Note
-------+----------+-------------------------------------------
     0 | D:1      | firemarshallily the Gnoll Reaver began the quest for the
                  | Orb.
     0 | D:1      | Reached XP level 1. HP: 20/20 MP: 6/6
   105 | D:1      | Reached XP level 2. HP: 26/26 MP: 7/7
   489 | D:1      | Found a faded altar of an unknown god.
   496 | D:1      | Prayed at the altar of an unknown god.
   496 | D:1      | Became a worshipper of Jiyva Junich the Shapeless
   496 | D:1      | Reached * piety under Jiyva
   596 | D:2      | Reached skill level 5 in Spellcasting
   596 | D:2      | Reached XP level 3. HP: 31/31 MP: 7/9
   691 | D:2      | Reached skill level 1 in Invocations
   770 | D:2      | Reached skill level 1 in Short Blades
   770 | D:2      | Reached skill level 1 in Long Blades
   770 | D:2      | Reached skill level 1 in Maces & Flails
   770 | D:2      | Reached skill level 1 in Polearms
   770 | D:2      | Reached skill level 1 in Staves
   770 | D:2      | Reached skill level 1 in Ranged Weapons
   770 | D:2      | Reached skill level 1 in Throwing
   770 | D:2      | Reached skill level 1 in Armour
   770 | D:2      | Reached skill level 1 in Stealth
   770 | D:2      | Reached skill level 1 in Shields
   770 | D:2      | Reached skill level 1 in Unarmed Combat
   770 | D:2      | Reached skill level 1 in Evocations
  1019 | D:2      | Reached XP level 4. HP: 36/38 MP: 11/11
  1159 | D:2      | Reached ** piety under Jiyva
  1358 | D:3      | Found an opulent altar of Gozag.
  1369 | D:3      | Reached skill level 1 in Hexes
  1369 | D:3      | Reached skill level 1 in Summonings
  1369 | D:3      | Reached skill level 1 in Necromancy
  1369 | D:3      | Reached skill level 1 in Translocations
  1369 | D:3      | Reached skill level 1 in Transmutations
  1369 | D:3      | Reached skill level 1 in Fire Magic
  1369 | D:3      | Reached skill level 1 in Ice Magic
  1369 | D:3      | Reached skill level 1 in Air Magic
  1369 | D:3      | Reached skill level 1 in Earth Magic
  1369 | D:3      | Reached skill level 1 in Poison Magic
  1923 | D:3      | Reached *** piety under Jiyva
  1955 | D:3      | Killed a phantom
  2003 | D:3      | Gained mutation: You have a small jelly attached to you
                  | that may absorb projectiles. [Jiyva's grace]
  2003 | D:3      | Gained mutation: You possess an exceptional clarity of
                  | mind. [Jiyva's grace]
  2003 | D:3      | Gained mutation: You are resistant to electric shocks.
                  | (rElec) [Jiyva's grace]
  2003 | D:3      | Gained mutation: You passively map a small area around you.
                  | [Jiyva's grace]
  2014 | D:3      | Found a sacrificial altar of Ru.
  2208 | D:4      | Reached XP level 5. HP: 43/43 MP: 12/12
  2224 | D:4      | HP: 1/43 [gnoll/+0 spear[a gnoll bouda] (5)]
  2236 | D:4      | Slain by a gnoll

Illustrated notes

Levels and vault maps discovered:
D:1:      minmay_arrival_jagged, layout_basic,
          shapermc_ecumenical_altar_pompeii, hex_large, minmay_tetromino_o4
D:2:      layout_loops_ring
D:3:      layout_loops_corners, nicolae_gozag_seed_capital,
          nicolae_ru_path_of_blood
D:4:      layout_gridville, mainiacjoe_overflow_cross_hatched, serial_rivers,
          chequers_serial_rivers_micro_b, chequers_serial_rivers_small_3,
          chequers_serial_rivers_micro_e, chequers_serial_rivers_room_b,
          chequers_serial_rivers_micro_c, minmay_goblin_outpost, uniq_eustachio,
          uniq_blork_the_orc

Skill      XL: |  1  2  3  4 |
---------------+-------------+-----
Spellcasting   | 5 |  5.2
Invocations    | 1 |  1.8
Short Blades   | 1 |  1.6
Long Blades    | 1 |  1.6
Maces & Flails | 1 |  1.6
Polearms       | 1 |  1.6
Staves         | 1 |  1.6
Ranged Weapons | 1 |  1.6
Throwing       | 1 |  1.6
Armour         | 1 |  1.6
Stealth        | 1 |  1.6
Shields        | 1 |  1.6
Unarmed Combat | 1 |  1.6
Evocations     | 1 |  1.6
Hexes          | 1 |  1.3
Summonings     | 1 |  1.3
Necromancy     | 1 |  1.3
Translocations | 1 |  1.3
Transmutations | 1 |  1.3
Fire Magic     | 1 |  1.3
Ice Magic      | 1 |  1.3
Air Magic      | 1 |  1.3
Earth Magic    | 1 |  1.3
Poison Magic   | 1 |  1.3
Fighting       | |  4.8
Axes           | |  6.7
Dodging        | |  4.8
Conjurations   | |  5.6

Action                     |  1- 3 |  4- 6 || total
---------------------------+-------+-------++-------
  Melee: Hand axe          |   132 |   104 ||   236
         Bite              |     7 |     7 ||    14
         Punch             |     2 |     3 ||     5
    Use: Potion            |       |     2 ||     2
   Stab: Sleeping          |     1 |     2 ||     3
 Armour: Leather armour    |    32 |       ||    32
         Robe              |     7 |    41 ||    48
  Dodge: Dodged            |    84 |   140 ||   224
